 Dungeon Sprint DCSS version 0.17-a0-1748-g222fba8 (webtiles) character file.

3100000 ztt the Plane Walker (level 24, 0/248 (249) HPs)
             Began as a Ghoul Warper on Sept 1, 2015.
             Was the Champion of Makhleb.
             Slain by a destroyer
             ... wielding a +9 great sword of slicing
              (23 damage)
             ... in the Dungeon (Sprint VIII: "Arena of Blood").
             The game lasted 00:00:59 (31 turns).

ztt the Plane Walker (Ghoul Warper)                   Turns: 31, Time: 00:00:59

HP:   0/248 (249)   AC:  6    Str: 18    XL:     24   Next: 63%
MP:   9/53          EV: 31    Int:  8    God:    Makhleb [******]
Gold: 0             SH:  0    Dex: 16    Spells: 1 memorised, 76 levels left

rFire  . . .     SeeInvis .     k - +∞ Axe of Woe
rCold  + . .     Clarity  .     a - +0 leather armour
rNeg   + + +     SustAt   .     (no shield)
rPois  ∞         Gourm    .     (no helmet)
rElec  .         Spirit   .     (no cloak)
rCorr  .         Warding  .     (no gloves)
rMut   .         NoTele   +     (no boots)
MR     +....                    (no amulet)
Stlth  +++++++++.               (no ring)
                                (no ring)

@: rotting, somewhat resistant to hostile enchantments, incredibly stealthy
A: rotting body, claws 1, carnivore 3, cold resistance 1, negative energy
resistance 3, slow healing 1, torment resistance, unbreathing
a: Minor Destruction, Lesser Servant of Makhleb, Major Destruction, Greater
Servant of Makhleb, Renounce Religion


You were in the Dungeon.
You worshipped Makhleb.
Makhleb was exalted by your worship.
You were not hungry.

You visited 1 branch

Inventory:

Hand weapons
 k - the +∞ Axe of Woe (weapon)
   (You found it in the Dungeon)
Missiles
 d - 5 tomahawks of dispersal (quivered)
Armour
 a - a +0 leather armour (worn)
Scrolls
 c - 2 scrolls of blinking
Potions
 f - a potion of curing
 g - a potion of heal wounds
 h - a potion of haste
 i - 2 potions of magic
 j - a potion of berserk rage
Books
 b - a book of Spatial Translocations

   Spells                             Type                      Level
   a - Apportation                    Translocation                1
   b - Blink                          Translocation                2
   c - Shroud of Golubria             Charms/Translocation         2
   d - Portal Projectile              Translocation                3
   e - Teleport Other                 Translocation                3
   f - Passage of Golubria            Translocation                4
Comestibles
 e - a meat ration


   Skills:
 O Level 27 Fighting
 O Level 27 Axes
 O Level 27 Throwing
 O Level 27 Armour
 O Level 27 Dodging
 O Level 27 Stealth
 O Level 27 Unarmed Combat
 O Level 27 Spellcasting
 O Level 27 Translocations
 O Level 27 Invocations


You had 76 spell levels left.
You knew the following spells:

 Your Spells              Type           Power        Failure   Level  Hunger
a - Apportation           Tloc           ######....   0%          1    None


Dungeon Overview and Level Annotations

Branches:
Dungeon (1/1)

Altars:
Makhleb

Annotations:
D The Servant


Innate Abilities, Weirdness & Mutations

Your body is rotting away.
You thrive on raw meat.
You are immune to poison.
You have sharp fingernails.
You are carnivorous and can eat meat at any time.
Your flesh is cold resistant.
You are immune to negative energy.
You heal slowly when monsters are visible.
You are immune to unholy pain and torment.
You can survive without breathing.


Message History

You slice the meat berserker!!
You chop the meat berserker into pieces.
You kill the meat berserker!
Makhleb accepts your kill.
You feel better.
You hear a shout! x3
The destroyer is engulfed in roaring flames.
You hear a shout! x2
A bag of meat comes into view. It is wielding a +9 war axe.
Unknown command.
A bag of meat comes into view. It is wielding a +9 war axe.
You hear a shout! x5
The bag of meat moves out of view.
You hear a shout!
The Servant hits you from afar with a +9 glaive of flaming!!!
The Servant burns you!!
The destroyer hits you with a +9 great sword of slicing!!!!!
Ouch! That really hurt!
* * * LOW HITPOINT WARNING * * *
You die...

..... #.....# ...
......#_.<._#....
......#.....#V...
#.....)))_.......
......§)###......
...###)§)§§.o###.
#.§§V§..#
...#..§)§§.#...
.......@.......
.......V.......
........@....V.#
.............##.
...#........#..
...........#...
.##.#....... ..
......O..o.


You could see The Servant, 4 destroyers, a meat berserker (berserk) and 2 bags
of meat.

Vanquished Creatures
  12 ogres (D)
  23 orcs (D)
  2 hill giants (D)
37 creatures vanquished.

Notes
Turn   | Place    | Note
--------------------------------------------------------------
     0 | D        | ztt the Ghoul Warper began the quest for the Orb.
     0 | D        | Reached XP level 1. HP: 17/17 MP: 2/2
     3 | D        | Noticed a bag of meat
     3 | D        | Noticed a bag of meat
     4 | D        | Became a worshipper of Makhleb the Destroyer
     5 | D        | Noticed a bag of meat
     6 | D        | Noticed a meat berserker
     8 | D        | Killed a bag of meat
     8 | D        | Reached skill level 11 in Fighting
     8 | D        | Reached skill level 10 in Spellcasting
     8 | D        | Reached skill level 17 in Translocations
     8 | D        | Reached XP level 2. HP: 20/40 MP: 2/12
     8 | D        | Reached XP level 3. HP: 23/47 MP: 2/13
     8 | D        | Reached XP level 4. HP: 26/55 MP: 2/15
     8 | D        | Reached XP level 5. HP: 28/61 MP: 2/16
     8 | D        | Reached XP level 6. HP: 31/68 MP: 2/18
     8 | D        | Reached XP level 7. HP: 33/74 MP: 2/19
     8 | D        | Reached XP level 8. HP: 36/82 MP: 2/21
     8 | D        | Reached XP level 9. HP: 39/89 MP: 2/22
     8 | D        | Reached XP level 10. HP: 42/96 MP: 2/23
     8 | D        | Reached XP level 11. HP: 44/102 MP: 2/24
     8 | D        | Reached XP level 12. HP: 47/110 MP: 2/25
     9 | D        | Noticed a bag of meat
     9 | D        | Killed a meat berserker
     9 | D        | Acquired Makhleb's first power
     9 | D        | Reached skill level 5 in Throwing
     9 | D        | Reached skill level 5 in Armour
     9 | D        | Reached skill level 21 in Translocations
     9 | D        | Reached XP level 13. HP: 49/123 MP: 2/29
     9 | D        | Reached XP level 14. HP: 51/130 MP: 2/30
     9 | D        | Killed a bag of meat
     9 | D        | Reached skill level 23 in Translocations
    10 | D        | Noticed a bag of meat
    10 | D        | Noticed a bag of meat
    10 | D        | Noticed a bag of meat
    11 | D        | Noticed a bag of meat
    11 | D        | Noticed a bag of meat
    11 | D        | Killed a bag of meat
    11 | D        | Acquired Makhleb's second power
    11 | D        | Reached skill level 15 in Fighting
    11 | D        | Reached skill level 1 in Axes
    11 | D        | Reached skill level 15 in Unarmed Combat
    11 | D        | Reached skill level 24 in Translocations
    11 | D        | Reached XP level 15. HP: 53/141 MP: 3/32
    12 | D        | Noticed a meat berserker
    12 | D        | Noticed a meat berserker
    12 | D        | Noticed a bag of meat
    12 | D        | Noticed a bag of meat
    12 | D        | Noticed a bag of meat
    12 | D        | Noticed a bag of meat
    12 | D        | Noticed a bag of meat
    12 | D        | Killed a bag of meat
    12 | D        | Reached skill level 15 in Spellcasting
    12 | D        | Reached skill level 25 in Translocations
    12 | D        | Killed a bag of meat
    12 | D        | Acquired Makhleb's third power
    12 | D        | Reached skill level 26 in Translocations
    12 | D        | Reached XP level 16. HP: 82/154 MP: 3/34
    13 | D        | Noticed a meat berserker
    13 | D        | Noticed a meat berserker
    13 | D        | Noticed a bag of meat
    13 | D        | Killed a bag of meat
    13 | D        | Reached skill level 5 in Axes
    13 | D        | Reached skill level 15 in Dodging
    13 | D        | Reached skill level 27 in Translocations
    14 | D        | Noticed a bag of meat
    14 | D        | Noticed a bag of meat
    14 | D        | Noticed a large bag of meat
    14 | D        | Killed a meat berserker
    14 | D        | Acquired Makhleb's fourth power
    14 | D        | Reached XP level 17. HP: 104/170 MP: 4/38
    14 | D        | Killed a meat berserker
    14 | D        | Reached skill level 10 in Axes
    14 | D        | Killed a meat berserker
    14 | D        | Reached XP level 18. HP: 181/188 MP: 4/42
    14 | D        | Killed a bag of meat
    14 | D        | Acquired Makhleb's fifth power
    14 | D        | Killed a bag of meat
    14 | D        | Reached skill level 10 in Throwing
    15 | D        | Noticed a large bag of meat
    15 | D        | Noticed a bag of meat
    15 | D        | Killed a bag of meat
    15 | D        | Reached skill level 10 in Armour
    15 | D        | Reached XP level 19. HP: 199/202 MP: 4/44
    15 | D        | Killed a bag of meat
    15 | D        | Reached skill level 15 in Axes
    15 | D        | Killed a bag of meat
    15 | D        | Killed a bag of meat
    15 | D        | Reached skill level 27 in Fighting
    16 | D        | Noticed a bag of meat
    16 | D        | Noticed a bag of meat
    16 | D        | Killed a meat berserker
    16 | D        | Reached XP level 20. HP: 175/216 MP: 5/48
    16 | D        | Killed a bag of meat
    16 | D        | Reached skill level 27 in Unarmed Combat
    17 | D        | Noticed a destroyer
    17 | D        | Noticed a bag of meat
    17 | D        | Killed a bag of meat
    18 | D        | Noticed a meat berserker
    18 | D        | Noticed a bag of meat
    18 | D        | Noticed a bag of meat
    18 | D        | Noticed a meat berserker
    19 | D        | Killed a bag of meat
    19 | D        | Reached skill level 5 in Stealth
    19 | D        | Killed a bag of meat
    19 | D        | Reached skill level 27 in Spellcasting
    19 | D        | Killed a large bag of meat
    19 | D        | Reached XP level 21. HP: 202/224 MP: 6/51
    20 | D        | Noticed a meat berserker
    20 | D        | Noticed a meat berserker
    20 | D        | Killed a bag of meat
    20 | D        | Killed a large bag of meat
    21 | D        | Killed a bag of meat
    21 | D        | Reached skill level 27 in Axes
    21 | D        | Reached skill level 27 in Dodging
    22 | D        | Noticed a meat berserker
    22 | D        | Noticed a meat berserker
    22 | D        | Noticed a meat berserker
    23 | D        | Killed a meat berserker
    23 | D        | Killed a meat berserker
    23 | D        | Reached XP level 22. HP: 216/232 MP: 7/52
    24 | D        | Noticed a meat berserker
    24 | D        | Killed a bag of meat
    25 | D        | Killed a meat berserker
    25 | D        | Killed a bag of meat
    25 | D        | Reached XP level 23. HP: 239/239 MP: 7/53
    25 | D        | Killed a meat berserker
    25 | D        | Noticed a destroyer
    26 | D        | Noticed a bag of meat
    26 | D        | Killed a bag of meat
    26 | D        | Reached skill level 27 in Throwing
    26 | D        | Reached skill level 27 in Armour
    27 | D        | Noticed The Servant
    27 | D        | Killed a bag of meat
    27 | D        | Reached skill level 27 in Stealth
    27 | D        | Killed a meat berserker
    27 | D        | Killed a meat berserker
    27 | D        | Reached skill level 27 in Invocations
    27 | D        | Reached XP level 24. HP: 248/248 MP: 8/53
    28 | D        | Noticed a bag of meat
    28 | D        | Killed a bag of meat
    29 | D        | Noticed a destroyer
    30 | D        | Noticed a destroyer
    30 | D        | Killed a meat berserker
    31 | D        | Noticed a bag of meat
    31 | D        | Noticed a bag of meat
    31 | D        | Slain by a destroyer

Vault maps used:
D:        meatsprint

Action                   |  1- 3 |  4- 6 |  7- 9 | 10-12 | 13-15 | 16-18 | 19-21 | 22-24 || total
-------------------------+-------+-------+-------+-------+-------+-------+-------+-------++-------
Melee: Executioner's axe |     1 |       |       |     1 |     2 |     3 |     6 |     6 ||    19
